NYP
MAHONING VALLEY SCRAPPERS @ HUDSON VALLEY RENEGADES
08/26/2045
 
TOP OF THE 1ST
Mahoning Valley Scrappers batting - Pitching for Hudson Valley Renegades : RHP David Zupon
Pitching: RHP David Zupon
Batting: RHB Jorge Valles 0-0: SINGLE (Flyball, 34D, EV 88.8 MPH)
Batting: RHB Jonathan Underhill 0-0: Ball
Jorge Valles is caught stealing 2nd base 2-4
1-0: Foul Ball, location: 2F
1-1: Ball
2-1: Ball
3-1: Swinging Strike
3-2: Strikes out swinging
Batting: RHB Mike Sims 0-0: Ground out 6-3 (Groundball, 6, EV 89.4 MPH)
Top of the 1st over - 0 runs, 1 hit, 0 errors, 0 left on base; Mahoning Valley 0 - Hudson Valley 0
BOTTOM OF THE 1ST
Hudson Valley Renegades batting - Pitching for Mahoning Valley Scrappers : RHP Mario Trujillo
Pitching: RHP Mario Trujillo
Batting: SHB Chris Lockart 0-0: Ball
1-0: Ball
2-0: Foul Ball, location: 2F
2-1: Foul Ball, location: 2F
2-2: TRIPLE (Flyball, 9D, EV 91.2 MPH)
Batting: RHB Eric Waugaman 0-0: Ball
1-0: Ball
2-0: Called Strike
2-1: Swinging Strike
2-2: DOUBLE (Line Drive, 3D, EV 98.1 MPH)
Chris Lockart scores
Batting: RHB Adam Kaeser 0-0: Ball
1-0: Called Strike
1-1: Ball
2-1: Ground out 5-3 (Groundball, 56D, EV 97.5 MPH)
Batting: RHB Chris Thorson 0-0: Ball
1-0: SINGLE (Line Drive, 9S, EV 103.1 MPH)
Eric Waugaman to third
Runner from 3rd tries for Home, throw by RF and OUT! 9-2
Batting: RHB Eddie Zamora 0-0: Ball
1-0: Ball
Chris Thorson steals 2nd base
2-0: Ball
3-0: Fly out, F8 (Line Drive, 8LD, EV 95.0 MPH)
Bottom of the 1st over - 1 run, 3 hits, 0 errors, 1 left on base; Mahoning Valley 0 - Hudson Valley 1
TOP OF THE 2ND
Mahoning Valley Scrappers batting - Pitching for Hudson Valley Renegades : RHP David Zupon
Batting: SHB Charlie Diesel 0-0: Swinging Strike
0-1: Foul Ball, location: 2F
0-2: Ball
1-2: Strikes out swinging
Batting: RHB Santos Guadalupe 0-0: Ball
1-0: Foul Ball, location: 2F
1-1: Ball
2-1: Swinging Strike
2-2: Ball
3-2: Ground out 4-3 (Groundball, 34D, EV 83.1 MPH)
Batting: RHB Chris Yancey 0-0: Ball
1-0: Ground out 4-3 (Groundball, 4, EV 75.6 MPH)
Top of the 2nd over - 0 runs, 0 hits, 0 errors, 0 left on base; Mahoning Valley 0 - Hudson Valley 1
BOTTOM OF THE 2ND
Hudson Valley Renegades batting - Pitching for Mahoning Valley Scrappers : RHP Mario Trujillo
Batting: RHB Evan Chalarian 0-0: Foul Ball, location: 2F
0-1: Ball
1-1: Called Strike
1-2: Ball
2-2: Foul Ball, location: 2F
2-2: Ball
3-2: Strikes out swinging
Batting: RHB Kunizo Yanagisawa 0-0: Called Strike
0-1: Ball
1-1: Ball
2-1: Ball
3-1: Base on Balls
Batting: RHB Jim Erdody 0-0: DOUBLE (Line Drive, 89D, EV 103.8 MPH)
Kunizo Yanagisawa to third
Runner from 3rd tries for Home, SAFE, throw by CF to trailing runner, SAFE at third!
Batting: LHB Alex Genao 0-0: Called Strike
0-1: Hit by Pitch
Batting: SHB Chris Lockart 0-0: Foul Ball, location: 2F
0-1: Ball
1-1: Ball
2-1: Called Strike
2-2: Ball
3-2: Base on Balls
Alex Genao to second
Batting: RHB Eric Waugaman 0-0: SINGLE (Groundball, 34D, EV 97.5 MPH) (infield hit)
Jim Erdody scores
Alex Genao to third
Chris Lockart to second
Batting: RHB Adam Kaeser 0-0: Ball
1-0: Ball
2-0: Ball
3-0: Base on Balls
Alex Genao scores
Chris Lockart to third
Eric Waugaman to second
Batting: RHB Chris Thorson 0-0: Called Strike
0-1: Ball
1-1: Ball
2-1: Ball
3-1: Base on Balls
Chris Lockart scores
Eric Waugaman to third
Adam Kaeser to second
Batting: RHB Eddie Zamora 0-0: Ball
1-0: Ball
2-0: DOUBLE (Groundball, 5L, EV 101.2 MPH)
Eric Waugaman scores
Adam Kaeser scores
Chris Thorson to third
Batting: RHB Evan Chalarian 0-0: SINGLE (Groundball, 56D, EV 108.1 MPH)
Chris Thorson scores
Eddie Zamora to third
Pitching: RHP Bryan Ernst
Batting: RHB Kunizo Yanagisawa 0-0: Ball
1-0: Ball
Balk!
Eddie Zamora scores
Evan Chalarian to second
2-0: Foul Ball, location: 2F
2-1: Swinging Strike
2-2: Ground out 6-3 (Groundball, 6, EV 80.0 MPH)
Batting: RHB Jim Erdody 0-0: Reached on error, E1 (Groundball, 13S, EV 70.0 MPH)
Evan Chalarian scores
Batting: LHB Alex Genao 0-0: Called Strike
0-1: Called Strike
0-2: Ground out 4-3 (Groundball, 4, EV 105.0 MPH)
Bottom of the 2nd over - 9 runs, 4 hits, 1 error, 1 left on base; Mahoning Valley 0 - Hudson Valley 10
TOP OF THE 3RD
Mahoning Valley Scrappers batting - Pitching for Hudson Valley Renegades : RHP David Zupon
Batting: RHB Edolf Vlemmings 0-0: Ball
1-0: Ball
2-0: Ball
3-0: Called Strike
3-1: Called Strike
3-2: Base on Balls
Batting: RHB Egidius Kruger 0-0: Ball
1-0: Ball
2-0: Foul Ball, location: 2F
2-1: Ball
3-1: Foul Ball, location: 2F
3-2: Strikes out swinging
Batting: RHB Nelson Trujillo 0-0: Ball
1-0: Fly out, F7 (Line Drive, 7, EV 85.6 MPH)
Batting: RHB Jorge Valles 0-0: Ball
1-0: Called Strike
1-1: Called Strike
Edolf Vlemmings steals 2nd base (no throw)
1-2: Strikes out looking
Top of the 3rd over - 0 runs, 0 hits, 0 errors, 1 left on base; Mahoning Valley 0 - Hudson Valley 10
BOTTOM OF THE 3RD
Hudson Valley Renegades batting - Pitching for Mahoning Valley Scrappers : RHP Bryan Ernst
Batting: SHB Chris Lockart 0-0: Ball
1-0: SINGLE (Flyball, 89S, EV 89.4 MPH)
Batting: RHB Eric Waugaman 0-0: Ball
1-0: SINGLE (Flyball, 7, EV 78.8 MPH)
Chris Lockart to second
Batting: RHB Adam Kaeser 0-0: Swinging Strike
0-1: Swinging Strike
0-2: Ball
1-2: Foul Ball, location: 2F
1-2: Ball
2-2: Ball
3-2: Fly out, F3 (Popup, 3SF, EV 82.5 MPH)
Batting: RHB Chris Thorson 0-0: Ball
1-0: Foul Ball, location: 2F
1-1: Ball
2-1: Ball
3-1: Called Strike
3-2: Foul Ball, location: 2F
3-2: Base on Balls
Chris Lockart to third
Eric Waugaman to second
Batting: RHB Eddie Zamora 0-0: Called Strike
0-1: Called Strike
0-2: Ball
1-2: Fielders Choice at 2nd, 5-4 (Groundball, 56, EV 98.1 MPH)
Chris Lockart scores
Eric Waugaman to third
Batting: RHB Evan Chalarian 0-0: Ball
1-0: Ball
2-0: Ball
Wild Pitch!
Eric Waugaman scores
Eddie Zamora to second
3-0: Called Strike
3-1: Fly out, F8 (Line Drive, 8LM, EV 104.4 MPH)
Bottom of the 3rd over - 2 runs, 2 hits, 0 errors, 1 left on base; Mahoning Valley 0 - Hudson Valley 12
TOP OF THE 4TH
Mahoning Valley Scrappers batting - Pitching for Hudson Valley Renegades : RHP David Zupon
Batting: RHB Jonathan Underhill 0-0: Called Strike
0-1: Ball
1-1: Ball
2-1: Ball
3-1: SINGLE (Groundball, 56S, EV 70.6 MPH) (infield hit)
Batting: RHB Mike Sims 0-0: Ball
Jonathan Underhill steals 2nd base (no throw)
1-0: Ball
2-0: Swinging Strike
2-1: Ball
3-1: Foul Ball, location: 2F
3-2: Fly out, F9 (Line Drive, 8RM, EV 90.0 MPH)
Batting: SHB Charlie Diesel 0-0: Ball
1-0: Ball
2-0: Ball
3-0: Base on Balls
Batting: RHB Santos Guadalupe 0-0: Called Strike
0-1: Foul Ball, location: 2F
0-2: Strikes out swinging
Batting: RHB Chris Yancey 0-0: Called Strike
0-1: Fly out, F8 (Flyball, 8LXD, EV 106.2 MPH)
Top of the 4th over - 0 runs, 1 hit, 0 errors, 2 left on base; Mahoning Valley 0 - Hudson Valley 12
BOTTOM OF THE 4TH
Hudson Valley Renegades batting - Pitching for Mahoning Valley Scrappers : RHP Bryan Ernst
Now in CF: John Gernaat
Batting: RHB Kunizo Yanagisawa 0-0: Hit by Pitch
Batting: RHB Jim Erdody 0-0: Called Strike
0-1: Ball
1-1: Ball
2-1: DOUBLE (Line Drive, 5D, EV 104.4 MPH)
Kunizo Yanagisawa to third
Runner from 3rd tries for Home, SAFE, throw by LF to trailing runner, OUT at third! 7-3-5
Batting: LHB Alex Genao 0-0: Ball
1-0: Called Strike
1-1: SOLO HOME RUN (Line Drive, 89XD, EV 115.0 MPH), Distance : 420 ft
Pitching: RHP Richie Schraven
Batting: SHB Chris Lockart 0-0: Ball
1-0: DOUBLE (Groundball, 3L, EV 100.6 MPH)
Batting: RHB Eric Waugaman 0-0: Foul Ball, location: 2F
0-1: Foul Ball, location: 2F
0-2: DOUBLE (Groundball, 5L, EV 103.1 MPH)
Chris Lockart scores
Batting: RHB Adam Kaeser 0-0: Called Strike
0-1: Ground out 5-3 (Groundball, 56, EV 103.8 MPH)
Batting: RHB Chris Thorson 0-0: Called Strike
Balk!
Eric Waugaman to third
0-1: Foul Ball, location: 2F
0-2: Ball
1-2: Strikes out swinging
Bottom of the 4th over - 3 runs, 4 hits, 0 errors, 1 left on base; Mahoning Valley 0 - Hudson Valley 15
TOP OF THE 5TH
Mahoning Valley Scrappers batting - Pitching for Hudson Valley Renegades : RHP David Zupon
Batting: RHB Edolf Vlemmings 0-0: Foul Ball, location: 2F
0-1: Fly out, F9 (Flyball, 9LS, EV 89.4 MPH)
Batting: RHB Egidius Kruger 0-0: Called Strike
0-1: Called Strike
0-2: Foul Ball, location: 2F
0-2: Ball
1-2: Ball
2-2: Strikes out swinging
Batting: SHB John Gernaat 0-0: Ball
1-0: Swinging Strike
1-1: Foul Ball, location: 2F
1-2: Ball
2-2: Strikes out swinging
Top of the 5th over - 0 runs, 0 hits, 0 errors, 0 left on base; Mahoning Valley 0 - Hudson Valley 15
BOTTOM OF THE 5TH
Hudson Valley Renegades batting - Pitching for Mahoning Valley Scrappers : RHP Richie Schraven
Batting: RHB Eddie Zamora 0-0: Called Strike
0-1: Ball
1-1: Called Strike
1-2: Fly out, F8 (Flyball, 8RS, EV 91.9 MPH)
Batting: RHB Evan Chalarian 0-0: Ball
1-0: Called Strike
1-1: Ball
2-1: Foul Ball, location: 2F
2-2: Foul Ball, location: 2F
2-2: Ball
3-2: Fly out, F7 (Line Drive, 7, EV 90.6 MPH)
Batting: RHB Kunizo Yanagisawa 0-0: Fly out, F8 (Flyball, 8RM, EV 82.5 MPH)
Bottom of the 5th over - 0 runs, 0 hits, 0 errors, 0 left on base; Mahoning Valley 0 - Hudson Valley 15
TOP OF THE 6TH
Mahoning Valley Scrappers batting - Pitching for Hudson Valley Renegades : RHP David Zupon
Batting: RHB Jorge Valles 0-0: SINGLE (Groundball, 5D, EV 101.9 MPH)
Batting: RHB Jonathan Underhill 0-0: DOUBLE (Line Drive, 78XD, EV 110.6 MPH)
Jorge Valles to third
Jorge Valles scores
Batting: RHB Mike Sims 0-0: Ball
1-0: Called Strike
1-1: SINGLE (Flyball, 5D, EV 96.9 MPH)
Jonathan Underhill to third
Batting: SHB Charlie Diesel 0-0: Called Strike
0-1: Ball
1-1: Swinging Strike
1-2: Foul Ball, location: 2F
1-2: Reached on error, E5 (Groundball, 56, EV 100.6 MPH)
Jonathan Underhill scores
Mike Sims to second
Batting: RHB Santos Guadalupe 0-0: Ball
1-0: Ball
2-0: Ball
3-0: Called Strike
3-1: Base on Balls
Mike Sims to third
Charlie Diesel to second
Pitching: RHP Pablo Maravilla
Batting: RHB Chris Yancey 0-0: Called Strike
0-1: Ball
1-1: Swinging Strike
1-2: Strikes out swinging
Pinch Hitting: LHB Tommy Williams 0-0: Called Strike
0-1: Foul Ball, location: 2F
0-2: Reaches on Catchers interference
Mike Sims scores
Charlie Diesel to third
Santos Guadalupe to second
Pinch Hitting: LHB Tibalt Sklavenitis 0-0: Called Strike
0-1: Fly out, F9 (Line Drive, 9D, EV 98.1 MPH)
Runner from 3rd tags up, SCORES, no throw by RF
Batting: SHB John Gernaat 0-0: Called Strike
0-1: Swinging Strike
0-2: Strikes out looking
Top of the 6th over - 4 runs, 3 hits, 2 errors, 2 left on base; Mahoning Valley 4 - Hudson Valley 15
BOTTOM OF THE 6TH
Hudson Valley Renegades batting - Pitching for Mahoning Valley Scrappers : RHP Richie Schraven
Now at 2B: Tommy Williams
Now at 3B: Santos Guadalupe
Now at SS: Jonathan Underhill
Now in RF: Bertrand Preece
Batting: RHB Jim Erdody 0-0: Swinging Strike
0-1: Fly out, F7 (Line Drive, 7, EV 110.6 MPH)
Batting: LHB Alex Genao 0-0: Foul Ball, location: 2F
0-1: Ball
1-1: Ball
2-1: Ball
3-1: Base on Balls
Batting: SHB Chris Lockart 0-0: Reached on error, E3 (Groundball, 34S, EV 85.6 MPH)
Alex Genao to second
Batting: RHB Eric Waugaman 0-0: Called Strike
0-1: Ball
1-1: Foul Ball, location: 2F
1-2: SINGLE (Flyball, 4D, EV 98.1 MPH)
Alex Genao to third
Chris Lockart to second
Batting: RHB Adam Kaeser 0-0: Ball
1-0: Grounds into double play, 6-4-3 (Groundball, 6, EV 104.4 MPH)
Bottom of the 6th over - 0 runs, 1 hit, 1 error, 2 left on base; Mahoning Valley 4 - Hudson Valley 15
TOP OF THE 7TH
Mahoning Valley Scrappers batting - Pitching for Hudson Valley Renegades : RHP Pablo Maravilla
Batting: RHB Jorge Valles 0-0: Called Strike
0-1: Ball
1-1: Swinging Strike
1-2: Foul Ball, location: 2F
1-2: Foul Ball, location: 2F
1-2: Strikes out looking
Pinch Hitting: RHB Andy White 0-0: Ball
1-0: Foul Ball, location: 2F
1-1: Ball
2-1: Ball
3-1: Base on Balls
Batting: RHB Mike Sims 0-0: Ball
1-0: Foul Ball, location: 2F
1-1: Ball
2-1: Swinging Strike
2-2: Foul Ball, location: 2F
2-2: Foul Ball, location: 2F
2-2: Strikes out swinging
Pinch Hitting: LHB Trevor Spaulding 0-0: Foul Ball, location: 2F
0-1: Foul Ball, location: 2F
0-2: Ball
1-2: Strikes out looking
Top of the 7th over - 0 runs, 0 hits, 0 errors, 1 left on base; Mahoning Valley 4 - Hudson Valley 15
BOTTOM OF THE 7TH
Hudson Valley Renegades batting - Pitching for Mahoning Valley Scrappers : RHP Richie Schraven
Now at 1B: Trevor Spaulding
Now at SS: Andy White
Batting: RHB Chris Thorson 0-0: Ball
1-0: Foul Ball, location: 2F
1-1: Called Strike
1-2: Strikes out swinging
Batting: RHB Eddie Zamora 0-0: Ball
1-0: DOUBLE (Line Drive, 89D, EV 108.8 MPH)
Batting: RHB Evan Chalarian 0-0: Foul Ball, location: 2F
0-1: Ball
1-1: Ball
2-1: Ball
Balk!
Eddie Zamora to third
3-1: Ground out 5-3 (Groundball, 56, EV 92.5 MPH)
Eddie Zamora scores
Batting: RHB Kunizo Yanagisawa 0-0: Called Strike
0-1: Called Strike
0-2: Ball
1-2: Foul Ball, location: 2F
1-2: Strikes out looking
Bottom of the 7th over - 1 run, 1 hit, 0 errors, 0 left on base; Mahoning Valley 4 - Hudson Valley 16
TOP OF THE 8TH
Mahoning Valley Scrappers batting - Pitching for Hudson Valley Renegades : RHP Pablo Maravilla
Batting: RHB Santos Guadalupe 0-0: Called Strike
0-1: Called Strike
0-2: Ball
1-2: Strikes out looking
Pitching: RHP Adam Worrell
Batting: RHB Chris Yancey 0-0: Ball
1-0: Ball
2-0: Ball
3-0: Called Strike
3-1: Base on Balls
Batting: LHB Tommy Williams 0-0: Foul Ball, location: 2F
0-1: Ground out 6-3 (Groundball, 6M, EV 106.2 MPH)
Chris Yancey to second
Batting: LHB Bertrand Preece 0-0: Ball
1-0: Ball
2-0: Ball
3-0: Called Strike
3-1: SINGLE (Groundball, 6MD, EV 104.4 MPH)
Chris Yancey to third
Runner from 3rd tries for Home, SAFE, throw by CF to home
Bertrand Preece to second
Batting: SHB John Gernaat 0-0: Ground out 1-3 (Groundball, 15S, EV 63.8 MPH)
Top of the 8th over - 1 run, 1 hit, 0 errors, 1 left on base; Mahoning Valley 5 - Hudson Valley 16
BOTTOM OF THE 8TH
Hudson Valley Renegades batting - Pitching for Mahoning Valley Scrappers : RHP Richie Schraven
Pitching: RHP Zach Robbins
Batting: RHB Jim Erdody 0-0: Ground out 4-3 (Groundball, 4, EV 85.6 MPH)
Pinch Hitting: RHB Jesus Baires 0-0: Ground out 5-3 (Groundball, 56, EV 84.4 MPH)
Batting: SHB Chris Lockart 0-0: Ball
1-0: Ground out 4-3 (Groundball, 4, EV 85.6 MPH)
Bottom of the 8th over - 0 runs, 0 hits, 0 errors, 0 left on base; Mahoning Valley 5 - Hudson Valley 16
TOP OF THE 9TH
Mahoning Valley Scrappers batting - Pitching for Hudson Valley Renegades : RHP Adam Worrell
Now in CF: Jesus Baires
Batting: RHB Jorge Valles 0-0: Hit by Pitch
Batting: RHB Andy White 0-0: Ball
1-0: Fielders Choice at 2nd, 1-4 (Groundball, P, EV 66.9 MPH)
Batting: RHB Mike Sims 0-0: Swinging Strike
0-1: Foul Ball, location: 2F
0-2: Foul Ball, location: 2F
0-2: Ball
1-2: Fly out, F8 (Line Drive, 8RD, EV 106.2 MPH)
Pinch Hitting: LHB David Savitt 0-0: Called Strike
0-1: Called Strike
0-2: Ball
1-2: Ball
2-2: Ball
3-2: Strikes out swinging, 2-3 out at first.
Top of the 9th over - 0 runs, 0 hits, 0 errors, 1 left on base; Mahoning Valley 5 - Hudson Valley 16
Wednesday, June 22nd , 2022 - OOTP Baseball 23.4 Build 64